[ AOE2 MATCH · #504785969 ]
UnrankedBritons vs Saracens
Player's team · WIN
Rival team · LOSS
[ REPLAY ANALYSIS · EXTRACTED FROM THE RECORDED GAME ]
Feudal
10:06
Castle
22:21
Imperial
—
| APM avg | 83.4 |
| APM peak | 123 |
| eAPM avg | 31.5 |
| Villagers / military | 76 / 43 |
Focus
⚔️ 51.2% · 🌾 48.8%
Archer ×36 · Militia ×3 · Spearman ×3 · Skirmisher ×1
Feudal
8:50
Castle
23:10
Imperial
—
| APM avg | 71.6 |
| APM peak | 116 |
| eAPM avg | 25.2 |
| Villagers / military | 50 / 28 |
Focus
⚔️ 44.1% · 🌾 55.9%
Archer ×18 · Scout Cavalry ×4 · Skirmisher ×3 · Mangonel ×2 · Spearman ×1
Match map
Initial resources + every placement click. Lines = walls · curves = elevation contours. ◆ gold · ⬟ stone · ● berries · ✦ relic · ◌ wall gap
Your base· ✓ Closed at 22:21 · 38t walls · no gate
DK | Good_luck's base· Open — opponent sealed themselves in
Smoothed initial terrain · ◌ = detected wall gap · hover for details
Inputs per minute
— DS_Gali - - DK | Good_luck
Build order — DS_Gali
First 150 of 199 actions detected
| 0:00 | Queue | Villager (Male) |
| 0:02 | Build | House |
| 0:03 | Build | House |
| 0:10 | Queue | Villager (Male) |
| 0:11 | Queue | Villager (Male) |
| 0:13 | Queue | Villager (Male) |
| 0:13 | Queue | Villager (Male) |
| 1:17 | Queue | Villager (Male) |
| 1:17 | Queue | Villager (Male) |
| 1:38 | Queue | Villager (Male) |
| 1:39 | Queue | Villager (Male) |
| 2:02 | Queue | Villager (Male) |
| 2:22 | Build | Lumber Camp |
| 2:29 | Queue | Villager (Male) |
| 2:29 | Queue | Villager (Male) |
| 3:05 | Queue | Villager (Male) |
| 3:06 | Queue | Villager (Male) |
| 3:37 | Queue | Villager (Male) |
| 3:57 | Build | House |
| 4:04 | Queue | Villager (Male) |
| 4:22 | Queue | Villager (Male) |
| 4:49 | Build | Barracks |
| 5:00 | Queue | Villager (Male) |
| 5:01 | Queue | Villager (Male) |
| 5:13 | Build | House |
| 5:23 | Queue | Villager (Male) |
| 5:39 | Build | House |
| 5:42 | Build | House |
| 5:45 | Queue | Militia |
| 5:46 | Queue | Militia |
| 5:47 | Queue | Militia |
| 6:13 | Queue | Villager (Male) |
| 6:28 | Queue | Villager (Male) |
| 6:41 | Queue | Villager (Male) |
| 6:56 | Queue | Villager (Male) |
| 7:13 | Research | Loom |
| 7:15 | Build | Mill |
| 7:55 | Research | Feudal Age |
| 7:56 | Research | Feudal Age |
| 8:14 | Build | Lumber Camp |
| 8:38 | Build | Mining Camp |
| 9:57 | Queue | Villager (Male) |
| 10:01 | Build | House |
| 10:06 | Age | Feudal Age |
| 10:08 | Queue | Spearman |
| 10:14 | Build | Archery Range |
| 10:17 | Research | Double-Bit Axe |
| 10:22 | Queue | Villager (Male) |
| 10:26 | Research | Man-at-Arms (upgrade) |
| 10:30 | Queue | Villager (Male) |
| 10:43 | Queue | Villager (Male) |
| 10:46 | Build | Palisade Wall |
| 10:54 | Build | Palisade Wall |
| 10:55 | Queue | Villager (Male) |
| 10:56 | Build | Palisade Wall |
| 11:03 | Queue | Villager (Male) |
| 11:05 | Build | Palisade Wall |
| 11:07 | Queue | Archer |
| 11:12 | Build | House |
| 11:16 | Queue | Spearman |
| 11:17 | Build | Palisade Wall |
| 11:26 | Queue | Villager (Male) |
| 11:35 | Build | House |
| 11:35 | Queue | Villager (Male) |
| 11:39 | Queue | Archer |
| 11:52 | Build | House |
| 11:53 | Build | Palisade Wall |
| 11:59 | Build | Palisade Wall |
| 12:01 | Build | Palisade Wall |
| 12:03 | Build | House |
| 12:04 | Queue | Villager (Male) |
| 12:08 | Queue | Archer |
| 12:17 | Queue | Spearman |
| 12:29 | Queue | Villager (Male) |
| 12:32 | Queue | Archer |
| 12:40 | Build | Blacksmith |
| 12:54 | Queue | Villager (Male) |
| 12:59 | Build | Farm |
| 13:01 | Queue | Villager (Male) |
| 13:05 | Queue | Villager (Male) |
| 13:15 | Queue | Archer |
| 13:20 | Queue | Villager (Male) |
| 13:24 | Build | Farm |
| 13:30 | Research | Fletching |
| 13:32 | Build | Farm |
| 13:38 | Build | Palisade Wall |
| 13:39 | Build | Palisade Wall |
| 13:45 | Queue | Archer |
| 13:55 | Build | Farm |
| 14:02 | Queue | Villager (Male) |
| 14:07 | Queue | Villager (Male) |
| 14:17 | Queue | Villager (Male) |
| 14:29 | Queue | Villager (Male) |
| 14:33 | Queue | Archer |
| 14:40 | Build | Farm |
| 14:42 | Build | Farm |
| 14:43 | Build | Farm |
| 14:51 | Build | Farm |
| 14:56 | Build | Farm |
| 14:57 | Queue | Villager (Male) |
| 15:01 | Queue | Archer |
| 15:07 | Build | Farm |
| 15:10 | Build | Farm |
| 15:20 | Build | Farm |
| 15:27 | Queue | Villager (Male) |
| 15:28 | Build | Farm |
| 15:39 | Queue | Archer |
| 15:48 | Build | Farm |
| 15:56 | Build | House |
| 16:16 | Build | Palisade Wall |
| 16:16 | Build | Palisade Wall |
| 16:22 | Queue | Archer |
| 16:37 | Queue | Villager (Male) |
| 16:40 | Build | Market |
| 16:41 | Build | Stone Wall |
| 16:43 | Build | Stone Wall |
| 16:51 | Queue | Villager (Male) |
| 16:56 | Queue | Archer |
| 16:58 | Queue | Villager (Male) |
| 17:10 | Build | Farm |
| 17:11 | Build | Farm |
| 17:12 | Queue | Villager (Male) |
| 17:19 | Queue | Archer |
| 17:24 | Queue | Villager (Male) |
| 17:35 | Build | Farm |
| 17:42 | Build | Farm |
| 17:56 | Queue | Villager (Male) |
| 18:04 | Queue | Villager (Male) |
| 18:05 | Queue | Archer |
| 18:10 | Queue | Villager (Male) |
| 18:13 | Queue | Villager (Male) |
| 18:19 | Queue | Villager (Male) |
| 18:26 | Queue | Villager (Male) |
| 18:31 | Build | Archery Range |
| 18:33 | Build | Farm |
| 18:34 | Build | Farm |
| 18:36 | Queue | Archer |
| 18:40 | Build | Watch Tower |
| 18:46 | Queue | Villager (Male) |
| 18:57 | Queue | Archer |
| 19:00 | Queue | Villager (Male) |
| 19:15 | Queue | Archer |
| 19:36 | Build | Lumber Camp |
| 19:40 | Research | Castle Age |
| 19:40 | Research | Castle Age |
| 19:44 | Build | Archery Range |
| 19:56 | Queue | Archer |
| 20:19 | Queue | Archer |
| 20:20 | Queue | Villager (Male) |
| 20:27 | Research | Padded Archer Armor |
Build order — DK | Good_luck
First 150 of 151 actions detected
| 0:00 | Queue | Villager (Male) |
| 0:00 | Queue | Villager (Male) |
| 0:01 | Build | House |
| 0:02 | Build | House |
| 0:04 | Queue | Villager (Male) |
| 0:04 | Queue | Villager (Male) |
| 1:38 | Queue | Villager (Male) |
| 1:39 | Queue | Villager (Male) |
| 2:01 | Build | Lumber Camp |
| 2:16 | Queue | Villager (Male) |
| 2:36 | Queue | Villager (Male) |
| 3:10 | Queue | Villager (Male) |
| 3:23 | Queue | Villager (Male) |
| 3:33 | Queue | Villager (Male) |
| 3:56 | Build | House |
| 4:27 | Build | House |
| 4:30 | Queue | Villager (Male) |
| 4:40 | Build | Mill |
| 4:57 | Queue | Villager (Male) |
| 5:16 | Queue | Villager (Male) |
| 5:38 | Queue | Villager (Male) |
| 5:38 | Research | Loom |
| 6:36 | Research | Feudal Age |
| 7:03 | Build | Barracks |
| 7:20 | Build | House |
| 7:44 | Build | Palisade Wall |
| 8:02 | Queue | Villager (Male) |
| 8:12 | Build | Palisade Wall |
| 8:14 | Build | Palisade Wall |
| 8:17 | Queue | Villager (Male) |
| 8:50 | Age | Feudal Age |
| 8:52 | Build | Stable |
| 8:55 | Research | Double-Bit Axe |
| 9:10 | Queue | Spearman |
| 9:16 | Queue | Villager (Male) |
| 9:27 | Queue | Villager (Male) |
| 9:32 | Queue | Scout Cavalry |
| 9:34 | Build | House |
| 9:50 | Queue | Scout Cavalry |
| 9:57 | Queue | Villager (Male) |
| 10:02 | Build | Palisade Wall |
| 10:04 | Build | Palisade Wall |
| 10:06 | Build | Palisade Wall |
| 10:22 | Build | Palisade Wall |
| 10:33 | Queue | Scout Cavalry |
| 10:42 | Queue | Villager (Male) |
| 10:46 | Build | Archery Range |
| 10:53 | Build | Palisade Wall |
| 10:55 | Build | Palisade Wall |
| 10:59 | Queue | Villager (Male) |
| 11:12 | Queue | Villager (Male) |
| 11:27 | Build | Mining Camp |
| 11:30 | Queue | Archer |
| 11:34 | Queue | Villager (Male) |
| 11:40 | Queue | Villager (Male) |
| 11:49 | Queue | Villager (Male) |
| 12:00 | Queue | Villager (Male) |
| 12:21 | Build | House |
| 12:40 | Queue | Scout Cavalry |
| 12:41 | Queue | Villager (Male) |
| 12:51 | Queue | Archer |
| 12:54 | Queue | Villager (Male) |
| 13:09 | Queue | Villager (Male) |
| 13:15 | Queue | Archer |
| 13:29 | Queue | Villager (Male) |
| 13:35 | Build | Blacksmith |
| 13:37 | Queue | Archer |
| 13:46 | Build | Watch Tower |
| 13:50 | Build | Palisade Wall |
| 14:03 | Queue | Villager (Male) |
| 14:12 | Build | Palisade Wall |
| 14:17 | Research | Fletching |
| 14:17 | Research | Fletching |
| 14:40 | Queue | Villager (Male) |
| 14:43 | Build | House |
| 14:48 | Queue | Villager (Male) |
| 14:56 | Build | Palisade Wall |
| 15:01 | Queue | Archer |
| 15:03 | Build | House |
| 15:17 | Queue | Villager (Male) |
| 15:19 | Build | Farm |
| 15:26 | Build | Farm |
| 15:34 | Queue | Villager (Male) |
| 15:45 | Queue | Archer |
| 15:46 | Queue | Villager (Male) |
| 15:47 | Build | Farm |
| 15:54 | Queue | Villager (Male) |
| 15:55 | Build | Farm |
| 15:56 | Build | Farm |
| 16:21 | Queue | Villager (Male) |
| 16:24 | Build | House |
| 16:29 | Build | House |
| 16:35 | Build | Market |
| 16:38 | Queue | Archer |
| 16:41 | Build | Stone Wall |
| 16:44 | Build | Farm |
| 16:46 | Build | Farm |
| 16:55 | Queue | Villager (Male) |
| 16:58 | Build | Farm |
| 16:58 | Build | Farm |
| 17:03 | Queue | Archer |
| 17:19 | Build | Market |
| 17:20 | Build | House |
| 17:29 | Queue | Villager (Male) |
| 17:36 | Build | Watch Tower |
| 17:42 | Build | Watch Tower |
| 17:45 | Queue | Archer |
| 18:01 | Queue | Villager (Male) |
| 18:17 | Queue | Villager (Male) |
| 18:22 | Build | Farm |
| 18:27 | Queue | Archer |
| 18:28 | Queue | Villager (Male) |
| 18:34 | Build | Lumber Camp |
| 18:45 | Build | House |
| 19:08 | Queue | Villager (Male) |
| 19:21 | Build | Farm |
| 19:27 | Build | Archery Range |
| 19:56 | Build | Farm |
| 20:30 | Research | Castle Age |
| 20:57 | Build | Farm |
| 20:58 | Build | Farm |
| 21:03 | Queue | Archer |
| 21:04 | Queue | Archer |
| 21:05 | Research | Horse Collar |
| 21:11 | Build | Lumber Camp |
| 21:22 | Build | Farm |
| 21:30 | Queue | Archer |
| 21:31 | Queue | Archer |
| 22:16 | Queue | Archer |
| 22:16 | Queue | Archer |
| 22:31 | Queue | Archer |
| 22:31 | Queue | Archer |
| 22:52 | Build | House |
| 23:10 | Age | Castle Age |
| 23:12 | Build | Siege Workshop |
| 23:13 | Research | Elite Skirmisher (upgrade) |
| 23:13 | Research | Elite Skirmisher (upgrade) |
| 23:16 | Research | Padded Archer Armor |
| 23:16 | Research | Bodkin Arrow |
| 23:21 | Queue | Villager (Male) |
| 23:22 | Research | Bow Saw |
| 23:34 | Queue | Mangonel |
| 23:39 | Queue | Villager (Male) |
| 23:59 | Queue | Skirmisher |
| 24:01 | Queue | Skirmisher |
| 24:03 | Research | Padded Archer Armor |
| 24:28 | Queue | Villager (Male) |
| 24:30 | Queue | Villager (Male) |
| 24:35 | Queue | Mangonel |
| 24:37 | Queue | Villager (Male) |
Match timeline
| 4:49 | DS_Gali · first_building Barracks |
| 7:03 | DK | Good_luck · first_building Barracks |
| 7:44 | DK | Good_luck · wall_segment Palisade Wall x1 |
| 8:12 | DK | Good_luck · wall_segment Palisade Wall x3 |
| 8:14 | DK | Good_luck · wall_segment Palisade Wall x8 |
| 8:50 | DK | Good_luck · age_up feudal |
| 8:52 | DK | Good_luck · first_building Stable |
| 10:02 | DK | Good_luck · wall_segment Palisade Wall x5 |
| 10:04 | DK | Good_luck · wall_segment Palisade Wall x1 |
| 10:06 | DS_Gali · age_up feudal |
| 10:06 | DK | Good_luck · wall_segment Palisade Wall x3 |
| 10:14 | DS_Gali · first_building Archery Range |
| 10:22 | DK | Good_luck · wall_segment Palisade Wall x1 |
| 10:46 | DS_Gali · wall_segment Palisade Wall x6 |
| 10:46 | DK | Good_luck · first_building Archery Range |
| 10:53 | DK | Good_luck · wall_segment Palisade Wall x3 |
| 10:54 | DS_Gali · wall_segment Palisade Wall x6 |
| 10:55 | DK | Good_luck · wall_segment Palisade Wall x9 |
| 10:56 | DS_Gali · wall_segment Palisade Wall x1 |
| 11:05 | DS_Gali · wall_segment Palisade Wall x7 |
| 11:17 | DS_Gali · wall_segment Palisade Wall x1 |
| 11:53 | DS_Gali · wall_segment Palisade Wall x3 |
| 11:59 | DS_Gali · wall_segment Palisade Wall x1 |
| 12:01 | DS_Gali · wall_segment Palisade Wall x1 |
| 13:38 | DS_Gali · wall_segment Palisade Wall x4 |
| 13:39 | DS_Gali · wall_segment Palisade Wall x5 |
| 13:50 | DK | Good_luck · wall_segment Palisade Wall x3 |
| 14:12 | DK | Good_luck · wall_segment Palisade Wall x5 |
| 14:56 | DK | Good_luck · wall_segment Palisade Wall x1 |
| 16:16 | DS_Gali · wall_segment Palisade Wall x1 |
| 16:16 | DS_Gali · wall_segment Palisade Wall x1 |
| 16:41 | DK | Good_luck · wall_segment Stone Wall x1 |
| 16:41 | DS_Gali · wall_segment Stone Wall x1 |
| 16:43 | DS_Gali · wall_segment Stone Wall x1 |
| 17:34 | DK | Good_luck · first_market_buy 100 stone |
| 19:32 | DK | Good_luck · first_market_sell 100 wood |
| 22:21 | DS_Gali · age_up castle |
| 23:10 | DK | Good_luck · age_up castle |
| 23:12 | DK | Good_luck · first_building Siege Workshop |
| 23:18 | DS_Gali · first_market_sell 100 food |
| 24:44 | DK | Good_luck · resign |
[ AI ANALYSIS · 1 CREDIT ]
What really happened in this match?
Wolo.gg analyzes every decision: build order, eco, micro, common mistakes by bracket. Personalized analysis on WhatsApp or Discord in 30 seconds.
Civ guide
Britons
Perfil
Jugador #5232543